 Dungeon Crawl Stone Soup version 0.21-a0-207-g4a9efaf (webtiles) character file.

3196 namelastname112 the Merchant of Misery (level 9, -7/54 HPs)
             Began as a Tengu Skald on Aug 20, 2017.
             Was a Believer of Kikubaaqudgha.
             Mangled by a wight
             ... wielding a cursed +4 hand axe of freezing
              (8 damage)
             ... on level 6 of the Dungeon.
             The game lasted 00:14:48 (10566 turns).

namelastname112 the Merchant of Misery (TeSk)      Turns: 10566, Time: 00:14:49

Health: -7/54      AC:  4    Str: 13    XL:     9   Next: 96%
Magic:  11/18      EV: 16    Int: 17    God:    Kikubaaqudgha [**....]
Gold:   385        SH:  0    Dex: 15    Spells: 11/18 levels left

rFire    . . .     SeeInvis .   l - +2 long sword
rCold    . . .     Gourm    .   (no shield)
rNeg     . . .     Faith    .   b - +1 leather armour
rPois    .         Spirit   .   F - +0 hat {Int+3}
rElec    .         Reflect  .   (no cloak)
rCorr    .         Harm     .   (no gloves)
MR       +....                  (boots unavailable)
Stlth    +.........             (no amulet)
HPRegen  0.18/turn              i - ring of protection from magic
MPRegen  0.16/turn              h - ring of wizardry

@: flying quickly and evasively, heavily drained, quick
A: beak, talons 3, able to fly 1
a: Receive Corpses, Renounce Religion


You were on level 6 of the Dungeon.
You worshipped Kikubaaqudgha.
Kikubaaqudgha was pleased with you.
You were not hungry.

You visited 1 branch of the dungeon, and saw 6 of its levels.
You also visited: Ossuary.

You collected 506 gold pieces.
You spent 121 gold pieces at shops.

Inventory:

Hand Weapons
 a - a +0 falchion
 l - a +2 long sword (weapon)
 o - a +3 short sword of venom
Armour
 b - a +1 leather armour (worn)
 F - a +0 hat of intelligence (worn)
Jewellery
 h - a ring of wizardry (right hand)
 i - a ring of protection from magic (left hand)
Wands
 r - a wand of digging (12/24)
Scrolls
 e - a scroll of remove curse
 f - a scroll of blinking
 m - 5 scrolls of teleportation
 v - a scroll of enchant armour
 C - a scroll of amnesia
 D - a scroll of magic mapping
Potions
 j - a potion of berserk rage
 k - 2 potions of might {unknown}
 p - 3 potions of haste
 q - 3 potions of curing
 s - 4 potions of brilliance
 u - a potion of invisibility
 x - 2 potions of lignification
 A - a potion of heal wounds
Books
 c - a book of Battle

   Spells                             Type                      Level
   a - Infusion                       Charms                       1
   b - Shroud of Golubria             Charms/Translocation         2
   c - Song of Slaying                Charms                       2
   d - Spectral Weapon                Hexes/Charms                 3
   e - Regeneration                   Charms/Necromancy            3
 B - Kikubaaqudgha's Handbook of Dark Secrets
   (Kikubaaqudgha gifted it to you in an ossuary)

   Spells                             Type                      Level
   a - Animate Skeleton               Necromancy                   1
   b - Corpse Rot                     Necromancy                   2
   c - Sublimation of Blood           Necromancy                   2
   d - Vampiric Draining              Necromancy                   3
   e - Control Undead                 Necromancy                   4
Comestibles
 d - 2 bread rations
 g - 3 meat rations
 z - 4 fruits


   Skills:
 + Level 5.6(3.7) Fighting
 + Level 6.2(4.3) Long Blades
 + Level 5.8(3.9) Armour
 + Level 5.8(3.9) Dodging
 + Level 5.3(3.5) Spellcasting
 - Level 3.2(1.4) Charms
 * Level 6.6(4.7) Necromancy


You had 11 spell levels left.
You knew the following spells:

 Your Spells              Type           Power        Failure   Level  Hunger
a - Animate Skeleton      Necr           N/A          1%          1    None
d - Regeneration          Chrm/Necr      ##........   7%          3    ###....
x - Vampiric Draining     Necr           ###.......   3%          3    ###....


Dungeon Overview and Level Annotations

Branches:
Dungeon (6/15)             Temple (0/1) D:5

Altars:
Cheibriados
Dithmenos
Gozag
Hepliaklqana
Kikubaaqudgha
Ru
Wu Jian

Shops:
D:5 }?[


Innate Abilities, Weirdness & Mutations

You have a beak for a mouth.
You have claws for feet.
You can fly.


Message History

You completely miss the wight. You claw the wight, but do no damage.
The wight is almost destroyed.
The wight closely misses you. The wight completely misses you.
The shadow imp shouts, "Scamper hence, thou bawdy rump-fed whey-face!"
You barely miss the wight. Your peck misses the wight.
The wight is almost destroyed.
The wight hits you but does no damage.
The wight hits you with a hand axe of freezing.
You feel drained. The wight freezes you. The shadow imp gestures at you.
Pain shoots through your body!
* * * LOW HITPOINT WARNING * * *
You take 17 damage, and have 6/54 hp.
MASSIVE DAMAGE!!
You barely miss the wight. You peck the wight, but do no damage.
The wight is almost destroyed.
The wight hits you from afar with an enchanted spear.
* * * LOW HITPOINT WARNING * * *
The wight hits you with a hand axe of freezing!
You die...
Kikubaaqudgha rasps: "You have failed me!
Welcome... death!"

..# ..# ####### ..# ##...##. ..#
##..).... .## #...<[... ..##
###........ ...#
#######....>.....
...##############....5..##.......
....z.....[.).zz@.#########...##.
...################ #######
.....z.z....## ##...######..####
####.#### ##....####### # #....#
####.......## ### ## ####.##
#######..########.. o# #..##
##.......†... g# ##..#
##########..


You could see 2 wights and a shadow imp.

Vanquished Creatures
  Sigmund (D:3)
  Edmund (D:6)
  An ice beast (D:6)
  2 phantoms (D:4)
  2 ogres (D:5)
  2 centaurs
  7 big kobolds (D:3)
  2 bullfrogs
  A scorpion (D:5)
  2 water moccasin zombies (Ossuary)
  3 wights
  2 crimson imps (D:6)
  3 centaur zombies (Ossuary)
  5 bullfrog zombies
  2 orc priests (D:3)
  3 hounds
  Jessica (D:2)
  3 centaur skeletons
  Ijyb (D:3)
  Terence (D:2)
  2 orc wizards
  5 worker ants
  2 hound zombies (Ossuary)
  13 mummies (Ossuary)
  2 worker ant zombies (Ossuary)
  A gnoll (D:3)
  10 adders
  A shadow imp (D:4)
  2 oozes
  3 adder zombies (Ossuary)
  4 worms
  3 dart slugs
  7 leopard geckos
  21 orcs
  8 giant cockroaches
  7 goblins
  12 hobgoblins
  7 jackals
  50 kobolds
  4 quokkas
  A ball python (D:3)
  10 bats
  2 frilled lizards (D:1)
  2 giant cockroach zombies (Ossuary)
  A jackal zombie (Ossuary)
  2 leopard gecko skeletons (D:4)
  A leopard gecko zombie (Ossuary)
  12 rats
240 creatures vanquished.

Vanquished Creatures (others)
  An adder (D:5)
  A bush (D:6)
  4 plants (D:6)
  2 withered plants (Ossuary)
8 creatures vanquished.

Grand Total: 248 creatures vanquished

Notes
Turn   | Place    | Note
-------+----------+-------------------------------------------
     0 | D:1      | namelastname112 the Tengu Skald began the quest for the Orb.
     0 | D:1      | Reached XP level 1. HP: 12/12 MP: 4/4
   334 | D:1      | Reached XP level 2. HP: 1/17 MP: 6/6
   958 | D:1      | Reached XP level 3. HP: 18/21 MP: 7/7
  1348 | D:2      | Noticed Terence
  1352 | D:2      | Noticed Jessica
  1355 | D:2      | Reached XP level 4. HP: 18/27 MP: 8/8
  1383 | D:2      | Killed Terence
  1507 | D:2      | Killed Jessica
  1687 | D:2      | Gained mutation: You can fly. [Tengu growth]
  1687 | D:2      | Reached XP level 5. HP: 24/31 MP: 9/9
  1693 | D:2      | Found an opulent altar of Gozag.
  1976 | D:3      | Noticed Ijyb
  1987 | D:3      | Killed Ijyb
  3056 | D:2      | Reached XP level 6. HP: 30/37 MP: 11/11
  3323 | D:3      | Found an ornate altar of the Wu Jian Council.
  3791 | D:3      | Found a faded altar of an unknown god.
  4294 | D:3      | Found a sacrificial altar of Ru.
  4555 | D:2      | Learned a level 3 spell: Regeneration
  4790 | D:3      | Noticed Sigmund
  4801 | D:3      | Killed Sigmund
  4801 | D:3      | Reached skill level 1 in Necromancy
  4801 | D:3      | Reached XP level 7. HP: 41/41 MP: 11/13
  5154 | D:3      | Reached XP level 8. HP: 27/48 MP: 9/14
  6483 | D:4      | Found an ancient bone altar of Kikubaaqudgha.
  6534 | D:4      | Became a worshipper of Kikubaaqudgha
  6955 | D:4      | Found a shadowy altar of Dithmenos.
  7147 | D:5      | Entered Level 5 of the Dungeon
  7174 | D:5      | Found Arona's Gadget Emporium.
  7181 | D:5      | Reached skill level 5 in Long Blades
  7274 | D:5      | Reached skill level 5 in Dodging
  7410 | D:5      | Reached XP level 9. HP: 33/52 MP: 13/16
  7463 | D:5      | Found a hazy altar of Hepliaklqana.
  7519 | D:5      | Found Zilenkik's Armour Emporium.
  7528 | D:5      | Found a sand-covered staircase.
  7533 | Ossuary  | Entered an ossuary
  7552 | Ossuary  | Reached skill level 5 in Necromancy
  7888 | Ossuary  | Reached * piety under Kikubaaqudgha
  7888 | Ossuary  | Identified Kikubaaqudgha's Handbook of Dark Secrets (Kikubaaqudgha gifted it to you in an ossuary)
  7888 | Ossuary  | Received a gift from Kikubaaqudgha
  7893 | Ossuary  | Reached skill level 5 in Armour
  8112 | Ossuary  | Learned a level 1 spell: Animate Skeleton
  8116 | Ossuary  | Learned a level 3 spell: Vampiric Draining
  8196 | Ossuary  | Reached skill level 5 in Fighting
  8698 | D:5      | Bought a +0 hat of intelligence for 121 gold pieces
  8712 | D:5      | Found Ufoiliuw's Magic Scroll Shop.
  8798 | D:5      | Reached skill level 5 in Spellcasting
  8996 | D:5      | Found a staircase to the Ecumenical Temple.
  9111 | D:5      | Reached ** piety under Kikubaaqudgha
  9295 | D:6      | Noticed Edmund
  9295 | D:6      | Noticed a two-headed ogre
  9398 | D:6      | Found a snail-covered altar of Cheibriados.
  9711 | D:6      | Killed Edmund
 10566 | D:6      | HP: 1/54 [wight/enchanted spear (5)]
 10566 | D:6      | Mangled by a wight

Vault maps used:
D:1:      scummos_arrival_forest
D:2:      nicolae_gozag_seed_capital, uniq_terence, uniq_jessica
D:3:      minmay_goblin_kobold_castle, lemuel_coloured_pillars_altar,
          old_standard_altar, chequers_ecumenical_altar_grove, uniq_sigmund,
          uniq_ijyb
D:4:      lemuel_crystal_altar, grunt_dithmenos_shadows, first_bread
D:5:      kennysheep_mini, lemuel_temple_firewalk_b,
          nicolae_ossuary_entry_false_entrances, serial_shops, shop,
          nicolae_shop_waterfront, shop_fountains
D:6:      kennysheep_slug_shrine, gammafunk_temple_overflow_forgotten,
          grunt_tough_drop, uniq_edmund
Ossuary:  ossuary_zaba_flooded

Skill      XL: |  1  2  3  4  5  6  7  8  9 |
---------------+----------------------------+-----
Armour         | 2 3 4 5 |  5.8
Long Blades    | 3 4 5 6 |  6.2
Dodging        | 3 4 5 |  5.8
Fighting       | 3 4 5 |  5.6
Charms         | 3 |  3.2
Spellcasting   | 3 4 5 |  5.3
Necromancy     | 1 3 4 6 |  6.6

Action                   |  1- 3 |  4- 6 |  7- 9 || total
-------------------------+-------+-------+-------++-------
Melee: Falchion          |    52 |       |       ||    52
       Kick              |    15 |    31 |   174 ||   220
       Peck              |     9 |    19 |   113 ||   141
       Short sword       |    14 |   178 |   555 ||   747
       Long sword        |       |       |    46 ||    46
 Cast: Regeneration      |       |       |     8 ||     8
       Vampiric Draining |       |       |     4 ||     4
 Abil: Fly               |       |       |     4 ||     4
  Use: Potion            |       |     4 |     1 ||     5
       Scroll            |       |       |    15 ||    15
 Stab: Sleeping          |     2 |       |     1 ||     3
  Eat: Chunk             |     1 |     8 |    11 ||    20
       Royal jelly       |       |     1 |     2 ||     3
       Fruit             |       |       |     4 ||     4
       Meat ration       |       |       |     1 ||     1
Armor: Leather armour    |    16 |    41 |    72 ||   129
       Skin              |       |     7 |       ||     7
Dodge: Dodged            |    42 |   163 |   343 ||   548
       Rpst.: Falchion   |    10 |       |       ||    10
       Long sword        |       |       |     6 ||     6
